 Dungeon Crawl Stone Soup version 0.18.1-8-gdd0e5ea (webtiles) character file.

197 Metae the Skirmisher (level 5, 41/46 HPs)
             Began as a Centaur Fighter on May 23, 2016.
             Starved to death
             ... while paralysed
             ... on level 3 of the Dungeon.
             The game lasted 00:48:46 (3038 turns).

Metae the Skirmisher (Centaur Fighter)              Turns: 3038, Time: 00:48:47

Health: 41/46      AC:  9    Str: 20    XL:     5   Next: 46%
Magic:  5/5        EV:  1    Int:  7    God:
Gold:   112        SH:  0    Dex:  8    Spells: 0 memorised, 4 levels left

rFire  . . .     SeeInvis .     a - +0 war axe
rCold  + . .     Gourm    .     i - +0 chain mail
rNeg   . . .     Faith    .     c - +0 shield
rPois  .         Spirit   .     r - +0 helmet
rElec  .         Dismiss  .     (no cloak)
rCorr  .         Reflect  .     (no gloves)
SustAt .         Harm     .     (no barding)
MR     .....                    h - amulet of rage
Stlth  ..........               (no ring)
                                v - ring of protection from cold

@: paralysed, fainting, very quick, not resistant to hostile enchantments,
extremely unstealthy
A: hooves 3, deformed body, speed 2, tough skin 3
a: Evoke Berserk Rage


You were on level 3 of the Dungeon.
You were fainting.

You visited 1 branch of the dungeon, and saw 3 of its levels.

You collected 112 gold pieces.

Inventory:

Hand Weapons
 a - a +0 war axe (weapon)
 d - a +0 flail
 e - a cursed -3 dagger
 f - a +0 dagger
 m - a +0 hand axe
 n - a +1 whip of flaming
 y - a +0 hand axe
 z - a +1 dagger of holy wrath
Missiles
 p - 21 sling bullets
Armour
 b - a +0 scale mail
 c - a +0 shield (worn)
 i - a +0 chain mail (worn)
 q - a +0 animal skin
 r - a +0 helmet (worn)
 w - a +0 pair of boots
 A - a +0 chain mail
Jewellery
 h - an amulet of rage (around neck)
 v - a ring of protection from cold (left hand)
Wands
 x - a wand of random effects (29/48)
Scrolls
 g - 3 scrolls of teleportation {unknown}
 j - a scroll of amnesia {unknown}
 k - 6 scrolls of identify {unknown}
 o - a scroll of remove curse {unknown}
 s - a scroll of enchant armour {unknown}
 u - a scroll of blinking {unknown}
Potions
 l - a potion of heal wounds
 t - a potion of brilliance {unknown}


   Skills:
 + Level 3.7 Fighting
 * Level 2.7 Axes
 * Level 0.1(1.6) Maces & Flails
 + Level 3.2 Armour
 + Level 0.4 Dodging
 + Level 2.8 Shields
 + Level 0.3 Evocations


You had 4 spell levels left.
You didn't know any spells.

Dungeon Overview and Level Annotations

Branches:
Dungeon (3/15)

Altars:
Elyvilon

Annotations:
D:3 Terence


Innate Abilities, Weirdness & Mutations

You have hooves in place of feet.
Armour fits poorly on your strangely shaped body.
You cover ground very quickly.
You have extremely tough skin (AC +3).


Message History

You lose consciousness!
You can move again.
A rat comes into view.
Terence the Incautious comes into view.
He is wielding a mace.
You block the rat's attack.
You hit the rat. You kick the rat.
You kill the rat!
Terence says, "Did you write a will?
You should..."
You hit Terence but do no damage. You kick Terence, but do no damage.
Terence hits you but does no damage.
You closely miss Terence. You kick Terence, but do no damage.
You block Terence's attack. Terence hits you with a mace.
Your chain mail prevents you from hitting Terence.
Your kick misses Terence. Terence hits you but does no damage.
You barely miss Terence. Your kick misses Terence.
Terence hits you but does no damage.
You hit Terence. You kick Terence, but do no damage.
Terence is lightly wounded.
You lose consciousness!
You have starved to death.
You die...

#..####....
#........#.
#..#####.
#..# #.>#
###.### #
#.....# ...
#.....#.....
#...@@......
#.....###...
#.....#
#.......
###.....#
#.....#
#.....#
#######


You could see Terence.

Vanquished Creatures
  The ghost of Zleub the Caller, a weakling HESu (D:3)
  Ijyb (D:3)
  Natasha (D:2)
  An orc wizard (D:3)
  Robin (D:2)
  An adder (D:3)
  2 giant geckos
  5 orcs (D:3)
  10 bats
  2 giant cockroaches (D:3)
  14 goblins
  10 hobgoblins
  4 kobolds
  3 rats
  A plant (D:1)
57 creatures vanquished.

Notes
Turn   | Place    | Note
--------------------------------------------------------------
     0 | D:1      | Metae the Centaur Fighter began the quest for the Orb.
     0 | D:1      | Reached XP level 1. HP: 19/19 MP: 1/1
   307 | D:1      | Reached XP level 2. HP: 26/26 MP: 2/2
   966 | D:2      | Noticed Robin
   983 | D:2      | Killed Robin
   983 | D:2      | Reached XP level 3. HP: 31/31 MP: 3/3
  1369 | D:2      | Noticed Natasha
  1563 | D:2      | Killed Natasha
  1563 | D:2      | Reached XP level 4. HP: 32/38 MP: 4/4
  1806 | D:3      | Found a white marble altar of Elyvilon.
  1865 | D:3      | Noticed Zleub's ghost (weakling HESu)
  1890 | D:3      | Killed Zleub's ghost
  1894 | D:3      | HP: 3/60 [poisoned by Zleub's ghost]
  2608 | D:3      | Reached XP level 5. HP: 27/46 MP: 5/5
  2822 | D:3      | Noticed Ijyb
  2880 | D:3      | Killed Ijyb
  2897 | D:3      | Paralysed by fainting for 5 turns
  2925 | D:3      | Paralysed by fainting for 8 turns
  3019 | D:3      | Paralysed by fainting for 5 turns
  3029 | D:3      | Noticed Terence
  3038 | D:3      | Paralysed by fainting for 10 turns
  3038 | D:3      | Starved to death

Skill      XL: |  1  2  3  4 |
---------------+-------------+-----
Axes           | 2 |  2.7
Armour         | 3 |  3.2
Fighting       | |  3.7
Maces & Flails | |  0.1
Dodging        | |  0.4
Shields        | |  2.8
Evocations     | |  0.3

Action                   |  1- 3 |  4- 6 || total
-------------------------+-------+-------++-------
Melee: War axe           |   130 |   165 ||   295
       Kick              |    25 |    33 ||    58
 Abil: Evoke Berserk Rag |     2 |     2 ||     4
  Use: Potion            |       |     3 ||     3
  Eat: Bread ration      |     1 |       ||     1
       Beef jerky        |       |     1 ||     1
Armor: Chain mail        |    98 |   126 ||   224
       Scale mail        |    12 |       ||    12
       Skin              |       |     3 ||     3
Dodge: Dodged            |    23 |    22 ||    45
Block: Shield            |    59 |    77 ||   136
